 Dungeon Crawl Stone Soup version 0.30-a0-457-g4b7bca3bfa (webtiles) character file.

Game seed: 3848888094801860275

41981 MAFIAMEASN the Blocker (level 13, -16/125 HPs)
             Began as a Minotaur Fighter on Dec 9, 2022.
             Was a High Priest of the Shining One.
             Demolished by a rockslime (26 damage)
             ... on level 5 of the Lair of Beasts on Dec 12, 2022.
             The game lasted 00:37:17 (19081 turns).

MAFIAMEASN the Blocker (Minotaur Fighter)          Turns: 19081, Time: 00:37:18

Health: -16/125    AC: 22    Str: 37    XL:     13   Next: 83%
Magic:  22/22      EV:  8    Int:  4    God:    the Shining One [*****.]
Gold:   4531       SH:  7    Dex: 11    Spells: 12/12 levels left

rFire   . . .      SeeInvis +    x - +2 war axe (vorpal)
rCold   . . .      Faith    .    c - +0 buckler
rNeg    + + .      Spirit   .    d - +2 plate armour of Baxe {Will- MP+9 Str+3}
rPois   +          Reflect  .    (helmet restricted)
rElec   .          Harm     .    o - +2 cloak
rCorr   .          Rampage  .    m - +0 pair of gloves
Will    .....      Clarity  +    N - +1 pair of boots {Fly}
Stlth   ..........               L - amulet of regeneration
HPRegen 1.20/turn                C - ring of Iczonuah {rPois Str+5 Dex-2}
MPRegen 0.18/turn                X - ring "Loiwub" {Dex+3 SInv}

@: about to teleport, corroded, flying, glowing
A: horns 2, retaliatory headbutt, hooves 1, clarity, high MP 1, strong 1
a: Renounce Religion, Divine Shield, Cleansing Flame, Summon Divine Warrior


You were on level 5 of the Lair of Beasts.
You worshipped the Shining One.
The Shining One was extremely pleased with you.
You visited 2 branches of the dungeon, and saw 18 of its levels.

You collected 5181 gold pieces.
You spent 650 gold pieces at shops.

Inventory:

Hand Weapons
 a - a +1 war axe of freezing
 u - the +4 dagger "Morg" {pain, Will+ Int+5}
   (You found it on level 2 of the Dungeon)

   In the hands of one skilled in necromantic magic, it inflicts extra damage on
   living creatures.
   Int:       It affects your intelligence (+5).
   Will:      It increases your willpower.
   The Shining One disapproves of the use of such an item.
 w - a +0 battleaxe
 x - a +2 vorpal war axe (weapon)
 F - a +3 battleaxe
Missiles
 h - a throwing net (quivered)
Armour
 b - a +0 scale mail
 c - a +0 buckler (worn)
 d - the +2 plate armour of Baxe (worn) {Will- MP+9 Str+3}
   (You bought it in a shop on level 5 of the Dungeon)

   Str:       It affects your strength (+3).
   MP:        It affects your magic capacity (+9).
   Will:      It decreases your willpower.
 m - a +0 pair of gloves (worn)
 o - a +2 cloak (worn)
 q - a +0 pair of boots
 J - a +0 pair of boots
 N - a +1 pair of boots of flying (worn)
Jewellery
 i - a ring of wizardry
 r - a ring of protection from fire
 v - a ring of wizardry
 z - a ring of magical power
 B - a +6 ring of intelligence
 C - the ring of Iczonuah (left hand) {rPois Str+5 Dex-2}
   (You acquired it on level 3 of the Lair of Beasts)

   [ring of poison resistance]

   Str:       It affects your strength (+5).
   Dex:       It affects your dexterity (-2).
   rPois:     It protects you from poison.
 D - a ring of protection from fire
 E - a ring of wizardry
 L - an amulet of regeneration (around neck)
 S - an amulet of magic regeneration
 X - the ring "Loiwub" (right hand) {Dex+3 SInv}
   (You found it on level 4 of the Lair of Beasts)

   [ring of see invisible]

   Dex:       It affects your dexterity (+3).
   SInv:      It lets you see invisible.
 Y - a ring of wizardry
Wands
 k - a wand of roots (12)
 t - a wand of polymorph (9)
 K - a wand of mindburst (11)
 R - a wand of light (2)
 V - a wand of flame (20)
Scrolls
 e - a scroll of teleportation
 j - 14 scrolls of identify
 l - a scroll of magic mapping
 y - 2 scrolls of amnesia
 I - 2 scrolls of brand weapon
 M - 3 scrolls of fog
 Q - 2 scrolls of blinking
 T - a scroll of fear
 W - 2 scrolls of enchant armour
Potions
 g - 3 potions of heal wounds
 n - 2 potions of attraction
 p - 3 potions of lignification
 s - 2 potions of degeneration
 A - 2 potions of flight
 G - 5 potions of ambrosia
 H - 2 potions of cancellation
 O - 3 potions of brilliance
 P - a potion of curing
 U - 2 potions of magic
Miscellaneous
 f - a phial of floods


   Skills:
 + Level 14.8 Fighting
 + Level 14.6 Axes
 + Level 14.8 Armour
 + Level 14.9 Shields


You had 12 spell levels left.
You didn't know any spells.
Your spell library contained the following spells:

 Spells                   Type           Power      Damage    Failure   Level
 Beastly Appendage        Tmut           0%         N/A       95%         1
 Necrotise                Necr           0%         1d4       95%         1
 Sandblast                Erth           0%         2d4       95%         1
 Slow                     Hex            0%         N/A       95%         1
 Summon Small Mammal      Summ           0%         N/A       95%         1
 Passwall                 Tmut/Erth      0%         N/A       99%         2
 Wereblood                Tmut           0%         N/A       99%         2
 Call Canine Familiar     Summ           0%         N/A       100%        3
 Confusing Touch          Hex            0%         N/A       100%        3
 Dazzling Flash           Conj/Hex       0%         N/A       100%        3
 Hailstorm                Conj/Ice       0%         3d3       100%        3
 Ignite Poison            Fire/Tmut/Pois 0%         N/A       100%        3
 Inner Flame              Hex/Fire       0%         N/A       100%        3
 Kindle Blastsparks       Fire/Tloc/Air  0%         2d10      100%        3
 Portal Projectile        Hex/Tloc       0%         N/A       100%        3
 Spider Form              Tmut/Pois      0%         N/A       100%        3
 Stone Arrow              Conj/Erth      0%         3d7       100%        3
 Summon Guardian Golem    Hex/Summ       0%         N/A       100%        3
 Vampiric Draining        Necr           0%         2d6       100%        3
 Vhi's Electric Charge    Tloc/Air       0%         N/A       100%        3
 Cause Fear               Hex            0%         N/A       100%        4
 Leda's Liquefaction      Hex/Erth       0%         N/A       100%        4
 Sticky Flame             Conj/Fire      0%         2d3       100%        4
 Agony                    Necr           0%         N/A       100%        5
 Arcjolt                  Conj/Air       0%         1d10      100%        5
 Fireball                 Conj/Fire      0%         3d3       100%        5
 Freezing Cloud           Conj/Ice/Air   0%         6-21      100%        5
 Iskenderun's Battlesphe  Conj           0%         2d6       100%        5
 Silence                  Hex/Air        0%         N/A       100%        5
 Conjure Ball Lightning   Conj/Air       0%         3x3d6     100%        6
 Enfeeble                 Hex            0%         N/A       100%        7
 Orb of Destruction       Conj           0%         9d5       100%        7
 Discord                  Hex            0%         N/A       100%        8
 Maxwell's Capacitive Co  Air            0%         ∞         100%        8


Dungeon Overview and Level Annotations

Branches:
Dungeon (13/15)            Temple (0/1) D:6            Lair (5/5) D:11
  Swamp (0/4) Lair:3       Spider (0/4) Lair:2          Orc (0/2) D:10
 Vaults (0/5) D:13
  Slime: Lair:4-5

Altars:
Cheibriados
Dithmenos
Gozag
Nemelex Xobeh
Okawaru
Uskayaw
Xom
The Shining One

Shops:
D:5 [

Annotations:
D:11 exclusion: ice statue
Lair:5 3 runed translucent doors


Innate Abilities, Weirdness & Mutations

You have a pair of horns on your head.
You reflexively headbutt those who attack you in melee.
You have large cloven feet.
You possess an exceptional clarity of mind.
You have an increased reservoir of magic. (+10% MP)
Your muscles are strong. (Str +4, Int/Dex -1)


Message History

The polar bear is heavily wounded.
You hit the very large slime creature. The polar bear bites you!
You block the polar bear's attack.
The polar bear claws you but does no damage.
You block the very large slime creature's attack.
A jelly comes into view.
As you read the scroll of teleportation, it crumbles to dust.
You feel strangely unstable.
The jelly quivers.
The polar bear bites you!
* * * LOW HITPOINT WARNING * * *
The polar bear closely misses you.
The polar bear claws you but does no damage.
You slice the polar bear!!
You kill the polar bear!
You slash the rockslime! 2 jellies come into view.
The jelly quivers. x2
You block the rockslime's attack.
You see here a polar bear corpse.
You hit the rockslime but do no damage.
The rockslime is lightly wounded.
Your surroundings seem slightly different.
As you read the scroll of teleportation, it crumbles to dust.
You feel strangely unstable.
You are too injured to fight recklessly!
The rockslime hits you!!
* * * LOW HITPOINT WARNING * * *
You are shoved backwards!
You hit the rockslime but do no damage.
You headbutt the rockslime, but do no damage.
The rockslime is lightly wounded.
The rockslime hits you!
* * * LOW HITPOINT WARNING * * *
You are shoved backwards!
You hit the rockslime but do no damage.
You headbutt the rockslime, but do no damage.
The rockslime is lightly wounded.
The rockslime hits you!!
You die...

........≈#####≈≈.......
.......≈≈≈§≈§§≈.###...
#######......§≈≈§§≈≈≈...)#..
#.JJJJ.†.....§≈≈≈≈§≈§...#...
#.JJJ.#J.....≈≈§§≈≈≈≈.###...
#..JJ #......§≈§≈≈≈≈≈.# ##..
#######......≈≈≈≈§≈≈≈.# #..
........J...........# ###
.........@..........# #
#.###..##.....#P##.## #
#######.######## ###


You could see an azure jelly, a very large slime creature and a rockslime.

Vanquished Creatures
  An acid blob (Lair:5)
  The ghost of qeuew the Cleaver, a journeyman HOFi of Trog (Lair:3)
  The ghost of Gyitair the Severer, a journeyman DDFi of Makhleb (Lair:2)
  The ghost of Jackthecabe the Skirmisher, a journeyman DgCj (Lair:2)
  A vault guard (D:13)
  2 hydras (Lair:3)
  2 boulder beetles
  A death knight (D:13)
  3 two-headed ogres
  A skeletal warrior (D:13)
  Lodul (D:10)
  2 bog bodies (Lair:3)
  An orc knight (D:10)
  2 deep elf pyromancers (D:13)
  2 ugly things
  An oklob plant (Lair:4)
  An ice statue (Lair:4)
  2 cyclopes (D:12)
  A manticore (D:13)
  A molten gargoyle (Lair:5)
  6 cane toads
  4 unseen horrors
  A rime drake (Lair:2)
  Psyche (D:11)
  An ice devil (Lair:4)
  8 komodo dragons
  A freezing wraith (D:13)
  4 trolls
  5 polar bears
  A hornet (D:9)
  A slime creature (Lair:5)
  6 dream sheep (Lair:5)
  4 culicivoras (Lair:2)
  3 wyverns
  29 yaks
  A vampire (D:10)
  A shadow (D:11)
  3 wraiths
  3 fire bats (Lair:5)
  5 basilisks
  6 vampire mosquitoes
  A fire elemental (Lair:5)
  2 steam dragons
  Edmund (D:6)
  2 acid dragons
  12 water moccasins
  16 ice beasts
  2 black bears
  6 orc warriors
  8 ogres
  5 centaurs
  9 wolves
  2 phantoms
  3 kobold brigands
  16 bullfrogs
  2 gnoll sergeants
  4 scorpions
  8 wights
  9 killer bees
  6 electric eels
  3 howler monkeys
  3 jellies
  11 orc priests
  13 hounds
  4 iguanas
  Natasha (twice) (D:2)
  10 orc wizards
  4 hell rats (Lair:2)
  12 adders
  25 gnolls
  A shadow imp (D:7)
  4 white imps
  An ufetubus (D:6)
  2 adder zombies (D:2)
  2 worms
  55 orcs
  8 ball pythons
  7 bats
  6 endoplasms
  4 giant cockroaches
  8 goblins
  7 hobgoblins
  6 jackals
  17 kobolds
  7 quokkas
  2 ball python skeletons (D:2)
  A frilled lizard (D:1)
  A quokka simulacrum (D:2)
  A quokka zombie (D:2)
  13 rats
476 creatures vanquished.

Vanquished Creatures (others)
  2 bushes (D:11)
  3 fungi
  23 plants
  13 withered plants
41 creatures vanquished.

Grand Total: 517 creatures vanquished

Notes
Turn   | Place    | Note
-------+----------+-------------------------------------------
     0 | D:1      | MAFIAMEASN the Minotaur Fighter began the quest for the
                  | Orb.
     0 | D:1      | Reached XP level 1. HP: 19/19 MP: 0/0
   123 | D:1      | Reached XP level 2. HP: 26/27 MP: 1/1
   560 | D:1      | Reached XP level 3. HP: 33/33 MP: 2/2
  1031 | D:2      | Found a sparkling altar of Nemelex Xobeh.
  1332 | D:2      | Noticed Natasha
  1333 | D:2      | Found the +4 dagger "Morg" {pain, Will+ Int+5}
  1347 | D:2      | Killed Natasha
  1348 | D:2      | Reached XP level 4. HP: 25/41 MP: 3/3
  1467 | D:2      | Noticed Natasha
  1473 | D:2      | Killed Natasha
  1818 | D:3      | Reached XP level 5. HP: 11/47 MP: 4/4
  1950 | D:3      | Found a shadowy altar of Dithmenos.
  2095 | D:3      | Reached skill level 5 in Shields
  2112 | D:3      | Noticed a phantom
  2124 | D:3      | Killed a phantom
  2125 | D:3      | Reached skill level 5 in Fighting
  2125 | D:3      | Reached skill level 5 in Armour
  2125 | D:3      | Reached XP level 6. HP: 47/56 MP: 5/5
  2329 | D:3      | Found a glowing golden altar of the Shining One.
  2344 | D:3      | Became a worshipper of the Shining One
  2848 | D:4      | Found a hide-covered altar of Uskayaw.
  2951 | D:4      | Reached skill level 5 in Axes
  2951 | D:4      | Reached XP level 7. HP: 56/62 MP: 6/6
  3660 | D:4      | Found a shimmering altar of Xom.
  3994 | D:5      | Entered Level 5 of the Dungeon
  4039 | D:5      | Found Warucs's Antique Armour Shop.
  4052 | D:5      | Identified 3 scrolls of acquirement
  4052 | D:5      | Acquired 1067 gold pieces
  4054 | D:5      | Acquired 608 gold pieces
  4056 | D:5      | Acquired 820 gold pieces
  4063 | D:5      | Gained mutation: You have large cloven feet. [potion of
                  | mutation]
  4063 | D:5      | Gained mutation: You possess an exceptional clarity of
                  | mind. [potion of mutation]
  4063 | D:5      | Gained mutation: You have an increased reservoir of magic.
                  | (+10% MP) [potion of mutation]
  4063 | D:5      | Gained mutation: Your muscles are strong. (Str +4, Int/Dex
                  | -1) [potion of mutation]
  4277 | D:5      | Bought a spiked plate armour for 560 gold pieces
  4277 | D:5      | Identified the +2 plate armour of Baxe {Will- MP+9 Str+3}
                  | (You bought it in a shop on level 5 of the Dungeon)
  4298 | D:5      | Upgraded the game from 0.30-a0-424-g7412bad402 to
                  | 0.30-a0-457-g4b7bca3bfa
  4865 | D:5      | Reached XP level 8. HP: 67/71 MP: 7/7
  4892 | D:5      | Reached * piety under the Shining One
  5389 | D:6      | Noticed Edmund
  5397 | D:6      | Killed Edmund
  5417 | D:6      | Found a staircase to the Ecumenical Temple.
  5917 | D:6      | Reached XP level 9. HP: 76/81 MP: 8/8
  6340 | D:7      | Reached ** piety under the Shining One
  7142 | D:5      | Bought a pair of boots for 90 gold pieces
  7388 | D:8      | Reached XP level 10. HP: 77/91 MP: 10/10
  8152 | D:8      | Found an iron altar of Okawaru.
  8318 | D:9      | Noticed a two-headed ogre
  8334 | D:9      | Found a snail-covered altar of Cheibriados.
  8361 | D:9      | Killed a two-headed ogre
  8362 | D:9      | Reached skill level 10 in Fighting
  8362 | D:9      | Reached skill level 10 in Armour
  8362 | D:9      | Reached skill level 10 in Shields
  8444 | D:9      | Noticed a two-headed ogre
  8453 | D:9      | Killed a two-headed ogre
  8712 | D:9      | Reached skill level 10 in Axes
  9127 | D:10     | Entered Level 10 of the Dungeon
  9153 | D:10     | Reached *** piety under the Shining One
  9203 | D:10     | Noticed Lodul
  9226 | D:10     | Killed Lodul
  9227 | D:10     | Reached XP level 11. HP: 65/101 MP: 11/11
  9345 | D:10     | Found a staircase to the Orcish Mines.
  9347 | D:10     | Noticed an orc knight
  9364 | D:10     | Killed an orc knight
 10193 | D:10     | Found an opulent altar of Gozag.
 10684 | D:11     | Noticed a two-headed ogre
 10698 | D:11     | Killed a two-headed ogre
 10824 | D:11     | Found a staircase to the Lair.
 10979 | D:11     | Noticed a boulder beetle
 11012 | D:11     | Killed a boulder beetle
 11467 | D:11     | Noticed Psyche
 11480 | D:11     | Killed Psyche
 11997 | D:11     | Reached **** piety under the Shining One
 12164 | D:12     | Noticed a boulder beetle
 12181 | D:12     | Killed a boulder beetle
 12528 | D:12     | Reached XP level 12. HP: 112/112 MP: 12/12
 13442 | D:13     | Noticed a death knight
 13889 | D:13     | HP: 6/169 [death knight/+2 glaive (16)]
 13899 | D:13     | HP: 1/169 [mirror damage (8)]
 13899 | D:13     | The Shining One protects you from harm!
 13901 | D:13     | Killed a death knight
 14221 | D:13     | Found a gate to the Vaults.
 14221 | D:13     | Noticed a vault guard
 14221 | D:13     | Noticed a vault guard
 14221 | D:13     | Noticed a vault guard
 14221 | D:13     | Noticed a tengu warrior
 14221 | D:13     | Noticed a vault guard
 14221 | D:13     | Noticed a tengu warrior
 14231 | D:13     | Killed a vault guard
 14535 | Lair:1   | Entered Level 1 of the Lair of Beasts
 14615 | Lair:1   | Identified the +1 chain mail of Dim Light {rF+ Stlth+}
 15099 | Lair:1   | Identified the +1 helmet of Action {rF+ Slay+3 Stlth+}
 15192 | Lair:1   | Reached ***** piety under the Shining One
 16085 | Lair:2   | Found a hole to the Spider Nest.
 16166 | Lair:2   | Reached XP level 13. HP: 116/123 MP: 13/13
 16361 | Lair:2   | Found a runed translucent gate.
 16362 | Lair:2   | Found a runed translucent gate.
 16363 | Lair:2   | Found a runed translucent gate.
 16371 | Lair:2   | Noticed Jackthecabe's ghost (journeyman DgCj)
 16371 | Lair:2   | Noticed Gyitair's ghost (journeyman DDFi)
 16926 | Lair:2   | Killed Gyitair's ghost
 16940 | Lair:2   | Killed Jackthecabe's ghost
 16965 | Lair:2   | Got the Anthology of Charming Battling
 17395 | Lair:3   | Acquired 763 gold pieces
 17397 | Lair:3   | Acquired the ring of Iczonuah {rPois Str+5 Dex-2}
 17436 | Lair:3   | Found a staircase to the Swamp.
 17529 | Lair:3   | Acquired 297 gold pieces
 17534 | Lair:3   | Found a frozen archway.
 17540 | Lair:3   | Got the Folio of Fascination
 17568 | Lair:3   | Found a runed translucent door.
 17568 | Lair:3   | Noticed qeuew's ghost (journeyman HOFi)
 17979 | Lair:3   | Killed qeuew's ghost
 18174 | Lair:4   | Identified the ring "Loiwub" {Dex+3 SInv}
 18257 | Lair:4   | Identified the +1 robe "Baqaseag" {Slay+2 Stlth+}
 18954 | Lair:5   | Entered Level 5 of the Lair of Beasts
 18954 | Lair:5   | Found a runed translucent gate.
 18954 | Lair:5   | Found a runed translucent gate.
 18954 | Lair:5   | Found a runed translucent gate.
 19062 | Lair:5   | Noticed an acid blob
 19062 | Lair:5   | Noticed a rockslime
 19065 | Lair:5   | Noticed an azure jelly
 19067 | Lair:5   | Killed an acid blob
 19081 | Lair:5   | Demolished by a rockslime

Illustrated notes

Levels and vault maps discovered:
D:1:      lemuel_arrival_room, layout_basic, minmay_misc_feat_nine_boxes,
          minmay_tripent
D:2:      layout_loops_ring, basic_altar, dilly_guarded_unrand_morg
D:3:      minmay_inner_zag, layout_basic, mainiacjoe_overflow_six_doors_small,
          mainiacjoe_overflow_small_starburst
D:4:      layout_basic, amcnicky_altar_gilded, marbit_many_paths,
          nicolae_ossuary_entry_monument, grunt_tough_drop
D:5:      layout_basic, serial_shops, nicolae_diamond_shop, minmay_misc_feat_x
D:6:      layout_basic, temple_fountains, kennysheep_generic_room_10,
          uniq_edmund
D:7:      layout_basic, minmay_misc_feat_doors, nrook_mini_vaults
D:8:      layout_rooms, okawaru_altar_gauntlet_db
D:9:      layout_loops_ring, old_standard_altar
D:10:     layout_gridville, mainiacjoe_overflow_tiny_flanked, david_orc_5,
          chequers_big_river, moated_statue, uniq_lodul
D:11:     minmay_twisted_water, layout_basic, erik_lair_island,
          dreamdust_princess_bridge, uniq_psyche
D:12:     layout_roguey
D:13:     layout_gridville, lightli_vaults_fourway_checkpoint,
          kennysheep_generic_room_7
Lair:1:   layout_loops_ring
Lair:2:   layout_gridlike, hellmonk_spider_entry_life_and_decay,
          gammafunk_ghost_cemetery
Lair:3:   layout_misc_corridors, skrybe_swamp_entry_bodies,
          portal_ice_cave_entry_pillars_1, gammafunk_ghost_grave
Lair:4:   layout_loops_ring, ice2_lemuel
Lair:5:   grunt_lair_end_beastmaster, layout_gridlike,
          minmay_slime_entry_jelly_boxes, gammafunk_ghost_hydra_chop,
          special_room [special_room_jelly]

Skill      XL: |  1  2  3  4  5  6  7  8  9 10 11 12 13 |
---------------+----------------------------------------+-----
Shields        | 4 5 6 8 9 10 12 13 14 | 14.9
Armour         | 4 5 6 7 9 10 12 13 14 | 14.8
Fighting       | 4 5 6 7 9 10 12 13 14 | 14.8
Axes           | 3 4 5 6 7 9 10 12 13 14 | 14.6

Action                   |  1- 3 |  4- 6 |  7- 9 | 10-12 | 13-15 || total
-------------------------+-------+-------+-------+-------+-------++-------
Melee: War axe           |    85 |   115 |   210 |   573 |   221 ||  1204
       Headbutt          |     9 |    19 |    42 |   151 |    71 ||   292
       Kick              |       |       |    42 |       |       ||    42
       Unarmed           |       |       |    10 |     6 |       ||    16
Invok: Divine Shield     |       |       |     1 |       |       ||     1
Evoke: Wand              |       |       |       |     2 |       ||     2
  Use: Potion            |       |     1 |    12 |    20 |     3 ||    36
       Scroll            |       |       |    14 |     7 |     9 ||    30
Armor: Scale mail        |    41 |    65 |    22 |       |       ||   128
       Plate armour      |       |       |   153 |   309 |   158 ||   620
       Skin              |       |       |     4 |     2 |       ||     6
Dodge: Dodged            |    53 |    52 |    86 |   180 |    63 ||   434
Block: Buckler           |    23 |    27 |    82 |   175 |    64 ||   371

Table legend: (Time is in decaauts)
 A = Elapsed time spent in this place.
 B = Non-inter-level travel time spent in this place.
 C = Inter-level travel time spent in this place.
 D = Time resting spent in this place.
 E = Time spent auto-exploring this place.
 F = Levels seen in this place.
 G = Mean time per level.
                   A        B        C        D        E       F      G
               +--------+--------+--------+--------+--------+-----+--------+
         Total |  19104 |  18354 |    750 |   2108 |  13328 |  18 | 1061.3 |
       Dungeon |  14608 |  13973 |    635 |   1666 |  10052 |  13 | 1123.7 |
          Lair |   4496 |   4381 |    115 |    442 |   3276 |   5 |  899.2 |
               +--------+--------+--------+--------+--------+-----+--------+

Top non-repeatable levels by time:
    D:10: 1560 daAuts
  Lair:1: 1480 daAuts
    D:11: 1443 daAuts
    D:12: 1342 daAuts
     D:4: 1319 daAuts
     D:5: 1319 daAuts
  Lair:2: 1288 daAuts
     D:8: 1051 daAuts
    D:13: 1034 daAuts
     D:2: 1019 daAuts
     D:3: 1004 daAuts
     D:7: 960 daAuts
  Lair:4: 899 daAuts
     D:6: 871 daAuts
     D:9: 855 daAuts
